Map: Persephone LE

Players

user - Winner!

  • Race: Terran Terran
  • League: Master
  • Spawn Location: 11:00

VOD

Have the link to the VOD?

Description

luis

Time

  • Played on: Oct. 9, 2025, 2:56 a.m.
  • Length: 19:24
Show
View Real Time Build Order
Export as new Build Order

user Terran - Winner!

Build Orders:  

Get SALT Encoding   

  12  0:15  SCV  
  13  0:32  SCV  
  13  0:39  Supply Depot  
  14  0:49  SCV  
  15  1:19  Barracks, SCV  
  16  1:36  SCV  
  17  1:53  SCV  
  18  2:04  Command Center  
  18  2:11  SCV  
  19  2:29  Supply Depot  
  19  2:31  SCV  
  20  2:45  Refinery  
  20  2:47  Refinery, Marine  
  20  2:48  SCV  
  22  3:05  SCV  
  23  3:12  Marine  
  23  3:15  Barracks  
  24  3:22  SCV  
  25  3:37  Marine  
  25  3:39  SCV  
  27  3:50  Engineering Bay  
  27  3:51  Supply Depot  
  27  3:56  SCV  
  28  4:02  Marine  
  28  4:08  Refinery  
  29  4:12  SCV  
  30  4:24  Refinery  
  30  4:27  Marine  
  32  4:31  SCV x2  
  32  4:34  Marine  
  34  4:48  SCV x2  
  36  4:52  Marine  
  36  4:59  Marine  
  38  5:09  Terran Infantry Weapons Level 1  
  38  5:14  Barracks  
  38  5:16  SCV x2  
  38  5:17  Marine  
  41  5:24  Marine  
  42  5:33  SCV x2  
  44  5:42  Marine  
  44  5:49  Marine  
  46  5:50  Bunker  
  46  5:51  SCV  
  46  5:52  SCV  
  48  6:07  Bunker, Marine  
  49  6:12  SCV x2  
  49  6:14  Marine  
  52  6:21  Supply Depot  
  52  6:29  SCV  
  53  6:32  Marine  
  53  6:33  Missile Turret  
  53  6:39  Missile Turret  
  54  6:51  SCV x2, Marine  
  54  6:59  Marine  
  58  7:00  Marine  
  58  7:08  SCV x2  
  61  7:11  Supply Depot  
  61  7:16  Marine  
  62  7:35  Marine  
  62  7:37  Marine  
  62  7:39  SCV  
  62  7:41  SCV, Marine  
  57  8:05  Factory  
  57  8:09  Supply Depot  
  60  8:15  Barracks Reactor x2  
  57  8:23  Barracks Tech Lab  
  57  8:31  Supply Depot  
  57  8:36  SCV x2  
  59  8:42  Supply Depot  
  59  8:49  Unknown  
  59  8:50  Command Center  
  61  9:04  Supply Depot  
  61  9:08  Orbital Command  
  61  9:09  Orbital Command  
  59  9:12  Factory Tech Lab  
  59  9:15  Supply Depot  
  59  9:25  Starport  
  59  9:26  Starport  
  59  9:28  Starport  
  59  9:45  SCV x2  
  61  9:55  Marine x4  
  61  9:58  Siege Tank  
  68  10:02  SCV x2  
  68  10:06  Supply Depot  
  68  10:09  Stimpack  
  70  10:14  Marine  
  70  10:18  SCV  
  70  10:19  SCV  
  73  10:24  Refinery x2  
  73  10:29  Marine  
  74  10:34  Starport Tech Lab x2  
  74  10:35  SCV x2  
  74  10:36  Starport Tech Lab  
  76  10:43  Siege Tank  
  76  10:48  Unknown, Missile Turret  
  79  10:52  SCV x2  
  79  10:55  SCV  
  79  10:57  Marine x4  
  86  11:02  Marine  
  86  11:06  Raven  
  86  11:07  Raven  
  86  11:09  SCV  
  88  11:11  Cloaking Field, Supply Depot  
  92  11:23  SCV x2  
  92  11:28  Siege Tank  
  97  11:32  SCV  
  97  11:34  Banshee  
  101  11:40  SCV  
  102  11:51  SCV x2  
  102  11:55  Raven  
  102  11:57  SCV  
  102  11:59  Siege Tank x3, Marine x4  
  109  12:06  Viking  
  109  12:09  Supply Depot  
  113  12:16  Marine  
  113  12:17  Siege Tank  
  117  12:24  Marine  
  117  12:25  Supply Depot  
  118  12:31  Unknown  
  118  12:42  Terran Infantry Armor Level 1, Supply Depot  
  118  12:46  Raven  
  118  12:54  Marine x3  
  118  12:55  Marine  
  118  12:56  Banshee  
  118  12:57  Viking  
  118  12:59  Marine  
  130  13:02  Siege Tank  
  133  13:12  Supply Depot  
  133  13:14  Supply Depot  
  133  13:19  Marine x3  
  81  13:20  Marine  
  136  13:24  Marine  
  138  13:38  Missile Turret  
  138  13:39  Banshee, Missile Turret  
  141  13:41  Missile Turret  
  141  13:44  Raven, Marine x2  
  141  13:45  Supply Depot  
  141  13:46  Viking  
  141  13:47  Siege Tank, Missile Turret  
  141  13:48  Missile Turret  
  148  13:54  Missile Turret  
  148  13:56  Marine x3  
  153  14:09  Marine  
  154  14:10  Supply Depot  
  154  14:14  Marine  
  154  14:15  Siege Tank x4  
  155  14:20  Supply Depot  
  155  14:21  Marine x3  
  158  14:32  Siege Tank  
  158  14:38  Siege Tank x4  
  161  14:43  Supply Depot  
  161  14:44  Raven  
  161  14:49  Unknown  
  149  14:53  Marine x3  
  149  14:54  Marine x2  
  149  14:56  Banshee, Viking  
  158  15:06  Supply Depot  
  158  15:16  Unknown, Supply Depot  
  158  15:17  Siege Tank  
  158  15:18  Marine x3  
  164  15:30  Siege Tank x2  
  164  15:38  Marine  
  164  15:39  Command Center, Marine  
  166  15:43  Marine x3  
  166  15:44  Raven  
  169  15:50  Banshee, Viking  
  169  15:55  Unknown  
  176  16:02  Siege Tank  
  176  16:03  Marine  
  176  16:04  Unknown, Marine  
  176  16:09  Siege Tank  
  181  16:10  Siege Tank x4  
  181  16:21  Unknown  
  181  16:32  Banshee  
  181  16:36  Unknown  
  181  16:38  Raven  
  180  16:42  Marine x2  
  180  16:43  Marine x3  
  180  16:44  Unknown, Viking  
  180  16:46  Siege Tank x4  
  180  16:47  Siege Tank x3  
  192  17:07  Marine x2  
  192  17:08  Marine x3  
  197  17:18  Unknown  
  195  17:26  Banshee  
  198  17:32  Viking  
  200  18:09  Supply Depot  
  200  18:13  Supply Depot  
  200  18:17  Refinery  
  200  18:27  Siege Tank x6  
  200  18:53  Refinery  
Tags
 
League
Master
Matchup
Co-op
Add a new tag
Caveats
  • Supply blocks, unpowered buildings, or Contaminate may cause inaccurate times.
  • Supply counts are checked every 10 seconds.